 Dungeon Crawl Stone Soup version 0.31-a0-700-gf13585253f (webtiles) character file.

Game seed: 12953970130197069803

130 qw the Shooter (level 5, -7/32 HPs)
             Began as a Gargoyle Hunter on Sept 7, 2023.
             Killed from afar by an orc wizard (8 damage)
             ... with a magic dart
             ... on level 3 of the Dungeon.
             The game lasted 00:00:44 (1709 turns).

qw the Shooter (Gargoyle Hunter)                    Turns: 1709, Time: 00:00:45

Health: -7/32      AC:  9    Str: 14    XL:     5   Next: 13%
Magic:  5/5        EV: 10    Int: 10    God:
Gold:   137        SH:  0    Dex: 15    Spells: 4/4 levels left

rFire   x . .        Y - +1 shortbow
rCold   + . .        (shield currently unavailable)
rNeg    + + .        b - +0 ring mail
rPois   inf          (no helmet)
rElec   +            (no cloak)
rCorr   .            (no gloves)
SInv    +            (no boots)
Will    .....        (no amulet) Stlth
                     i - ring "Gopal" {Ice Contam rPois rN+ SInv}
HPRegen 0.25/turn    (no ring)
MPRegen 0.09/turn

%: no passive effects
@: confused
A: sickness immunity, AC +4, negative energy resistance 1, electricity
resistance, torment resistance 1, petrification resistance
a: no special abilities


You were on level 3 of the Dungeon.
You visited 1 branch of the dungeon, and saw 3 of its levels.

You collected 137 gold pieces.


Innate Abilities, Weirdness & Mutations

You are immune to sickness and miasma.
Your stone body is resilient. (AC +4)
You are immune to poison.
You resist negative energy. (rN+)
You are resistant to electric shocks. (rElec)
You are resistant to unholy torment.
You are immune to petrification.


   Skills:
 - Level 3.0 Fighting
 + Level 5.8 Ranged Weapons
 - Level 1.0 Armour
 - Level 1.5 Dodging
 - Level 1.1 Stealth


You had 4 spell levels left.
You didn't know any spells.
Your spell library was empty.

Inventory:

Hand Weapons
 Y - a +1 shortbow (weapon)
Armour
 b - a +0 ring mail (worn)
Jewellery
 i - the ring "Gopal" (left hand) {Ice Contam rPois rN+ SInv}
   (You found it on level 2 of the Dungeon)

   [ring of ice]

   Ice:       It enhances your ice magic.
   rF-:       It makes you vulnerable to fire.
   rC+:       It protects you from cold.
   rPois:     It protects you from poison rN+: It protects you from negative
   energy.
   SInv:      It lets you see invisible.
   Contam:    It causes magical contamination when unequipped.
Scrolls
 a - a scroll of identify
 c - a scroll of torment {unknown}
Potions
 d - a potion of might
 f - a potion of attraction {unknown}
 h - a potion of resistance {unknown}

Dungeon Overview and Level Annotations

Branches:
Dungeon (3/15)

Altars:

Shops:
D:1 *   D:2 [


Message History

The orc wizard hits you but does no damage.
You shoot an arrow. The arrow hits the orc wizard.
The orc wizard is almost dead.
The orc hits you with a +0 flail! The orc closely misses you.
The orc wizard hits you but does no damage.
You shoot an arrow.
The arrow closely misses the orc wizard.
The orc hits you with a +0 morningstar. The orc closely misses you.
The orc wizard gestures wildly while chanting.
The orc wizard flickers and vanishes for a moment.
You shoot an arrow. The arrow barely misses the orc wizard.
The orc barely misses you. The orc hits you with a +0 morningstar.
The orc wizard casts a spell at you.
You are confused.
The orc wizard closely misses you. The orc hits you but does no damage.
The orc closely misses you.
The orc barely misses you. x2; The orc wizard closely misses you.
The orc hits you with a +0 morningstar! The orc misses you.
The orc wizard points at you and mumbles some strange words.
You are more confused.
The orc hits you but does no damage.
The orc wizard points at you and mumbles some strange words.
You resist with some effort. The orc hits you but does no damage.
The orc hits you with a +0 morningstar. The orc barely misses you.
The orc wizard gestures at you while chanting.
You are more confused.
The orc barely misses you. The orc hits you but does no damage.
The orc wizard closely misses you. The orc hits you but does no damage.
The orc wizard closely misses you. The orc barely misses you.
The orc hits you with a +0 morningstar. The orc hits you with a +0 flail.
An endoplasm comes into view.
The orc wizard hits you but does no damage.
The endoplasm quivers.
The orc hits you with a +0 morningstar. The orc closely misses you.
The orc wizard misses you. The orc barely misses you.
The orc wizard gestures at you while chanting.
The magic dart hits you!
You die...

.........##########
.................).
.##.###.###...####
..........+....#
..#.###.###....#
<.#.###.# #....#
........# #....#######.#
.##.##########..........
................@o....#
.##............)oo..%.#
.##......#####..).....#
.##...}.## ##.}..##.#
.##....## ##...# #
.##...## ##J.# .##..##
#.# . #..# .. .##..#


You could see an orc wizard (invisible), 2 orcs and an endoplasm.

Vanquished Creatures
  4 gnolls (D:2)
  4 adders (D:2)
  A dart slug (D:1)
  2 orcs (D:3)
  6 ball pythons
  4 endoplasms
  2 giant cockroaches
  3 goblins
  5 hobgoblins
  2 jackals (D:1)
  5 kobolds
  A quokka (D:1)
  6 bats
  2 frilled lizards (D:1)
  5 rats
52 creatures vanquished.

Notes
Turn   | Place    | Note
-------+----------+-------------------------------------------
     0 | D:1      | qw the Gargoyle Hunter began the quest for the Orb.
     0 | D:1      | Reached XP level 1. HP: 12/12 MP: 1/1
     0 | D:1      | 0 ||| qw: Version: 0.3-a-76-g4403597
     0 | D:1      | 0 ||| qw: Game counter: 635
     0 | D:1      | 0 ||| qw: Melee chars always use a shield: true
     0 | D:1      | 0 ||| qw: God list: Okawaru
     0 | D:1      | 0 ||| qw: Allow faded altars: false
     0 | D:1      | 0 ||| qw: Do Orc after clearing Dungeon:15 true
     0 | D:1      | 0 ||| qw: Do second Lair branch before Depths: true
     0 | D:1      | 0 ||| qw: Lair rune preference: random
     0 | D:1      | 0 ||| qw: Goals: Normal
     0 | D:1      | 0 ||| PLANNING D:1-11
    73 | D:1      | Found Fimmay's General Store.
   219 | D:1      | Reached XP level 2. HP: 17/17 MP: 2/2
   443 | D:1      | Reached XP level 3. HP: 18/21 MP: 3/3
   621 | D:1      | 621 ||| DROPPING +6 ring of intelligence.
   622 | D:1      | 622 ||| READING 2 scrolls labelled ICIETAZIEL.
   623 | D:1      | 623 ||| READING scroll labelled WOTHRU FUALYCU.
   624 | D:1      | 624 ||| DROPPING scroll of butterflies.
   640 | D:2      | Reached skill level 5 in Ranged Weapons
   669 | D:2      | 669 ||| FLEEEEING.
   670 | D:2      | 670 ||| FLEEEEING.
   671 | D:2      | 671 ||| STAIRDANCE
   723 | D:2      | 723 ||| STAIRDANCE
   796 | D:2      | Reached skill level 3 in Fighting
   874 | D:2      | Reached XP level 4. HP: 28/28 MP: 4/4
   881 | D:2      | Identified the ring "Gopal" {Ice Contam rPois rN+ SInv}
   929 | D:2      | 929 ||| RETREATING.
  1085 | D:2      | Found Vaetes's Armour Shoppe.
  1093 | D:2      | 1093 ||| SHOPLISTING +0 leather armour of fire resistance
                  | (117 gold, have 92).
  1093 | D:2      | 1093 ||| SHOPLISTING +0 pair of boots of flying (149 gold,
                  | have 92).
  1207 | D:2      | Reached XP level 5. HP: 32/32 MP: 5/5
  1328 | D:2      | 1328 ||| UPGRADING to +0 ring mail.
  1338 | D:2      | 1338 ||| DROPPING +0 leather armour.
  1339 | D:2      | 1339 ||| UPGRADING to ring "Gopal" {Ice Contam rPois rN+
                  | SInv}.
  1340 | D:2      | 1340 ||| READING scroll labelled GUWIYSOLEDGH.
  1441 | D:2      | 1441 ||| READING scroll labelled UGGAIBENTU.
  1442 | D:2      | 1442 ||| READING scroll labelled LUHEUL NIREJ.
  1443 | D:2      | 1443 ||| READING scroll labelled EBIYWU BAILE.
  1444 | D:2      | 1444 ||| DRINKING 2 lumpy sapphire potions.
  1473 | D:2      | 1473 ||| READING 3 scrolls of identify.
  1473 | D:2      | 1473 ||| IDENTIFYING blue potion
  1474 | D:2      | 1474 ||| READING 2 scrolls of identify.
  1474 | D:2      | 1474 ||| IDENTIFYING inky potion
  1475 | D:2      | 1475 ||| DROPPING potion of ambrosia.
  1476 | D:2      | 1476 ||| DROPPING potion of lignification.
  1696 | D:3      | Reached skill level 1 in Armour
  1702 | D:3      | HP: 8/32 [orc/+0 morningstar (7)]
  1707 | D:3      | HP: 7/32 [orc/+0 morningstar (1)]
  1707 | D:3      | HP: 1/32 [orc/+0 flail (6)]
  1709 | D:3      | Killed from afar by an orc wizard

Levels and vault maps discovered:
D:1:      dpeg_arrival_oval, layout_basic, serial_shops,
          nicolae_shop_hallway_plus
D:2:      layout_rooms, serial_shops, nicolae_shop_just_a_little_nook
D:3:      layout_basic, kennysheep_ying_yang, nicolae_overflow_ecumenical_swirl,
          dreamdust_ecumenical_altar_hidden_monk_grotto,
          dreamdust_princess_bridge

Skill      XL: |  1  2  3  4  5 |
---------------+----------------+-----
Ranged Weapons | 5 |  5.8
Fighting       | 3 |  3.0
Armour         | 1 |  1.0
Dodging        | |  1.5
Stealth        | |  1.1

Action                     |  1- 3 |  4- 6 || total
---------------------------+-------+-------++-------
   Fire: Shortbow          |    91 |    71 ||   162
    Use: Scroll            |     2 |     6 ||     8
         Potion            |       |     1 ||     1
 Armour: Leather armour    |    44 |     8 ||    52
         Ring mail         |       |    31 ||    31
  Dodge: Dodged            |    47 |    39 ||    86

Table legend:
 A = Non-vault XP
 B = Vault XP
 C = Vault XP percentage of total XP
 D = Non-vault monster count
 E = Vault monster count
 F = Vault count percentage of total count
                 A         B        C        D         E       F
            +---------+---------+-------+---------+---------+-------
      Total |     186 |       0 |   0.0 |      52 |       0 |   0.0
            +---------+---------+-------+---------+---------+-------
        D:1 |      38 |       0 |   0.0 |      22 |       0 |   0.0
        D:2 |     129 |       0 |   0.0 |      20 |       0 |   0.0
        D:3 |      19 |       0 |   0.0 |      10 |       0 |   0.0
            +---------+---------+-------+---------+---------+-------
